BSA
BAFFIN ISLAND BEAVERS @ EL DORADO OILERS
09/16/2028
 
TOP OF THE 1ST
Baffin Island Beavers batting - Pitching for El Dorado Oilers : RHP Barton Johnson
Pitching: RHP Barton Johnson
Batting: RHB Tony Morton 0-0: Called Strike
0-1: Ball
1-1: Foul Ball, location: 2F
1-2: Ball
2-2: Ball
3-2: Ground out U3 (Groundball, 34)
Batting: LHB Norberto Muńóz 0-0: Called Strike
0-1: Ball
1-1: Ball
2-1: Fly out, F7 (Flyball, 7S)
Batting: LHB Chris Bates 0-0: Called Strike
0-1: DOUBLE (Line Drive, 7D)
Batting: RHB Dave Craig 0-0: Foul Ball, location: 2F
0-1: Foul Ball, location: 2F
0-2: Foul Ball, location: 2F
0-2: Fly out, F8 (Flyball, 8RM)
Top of the 1st over - 0 run(s), 1 hit(s), 0 error(s), 1 left on base; Baffin Island 0 - El Dorado 0
BOTTOM OF THE 1ST
El Dorado Oilers batting - Pitching for Baffin Island Beavers : RHP Jesse Little
Pitching: RHP Jesse Little
Batting: RHB Nick Webb 0-0: Ball
1-0: Ball
2-0: Called Strike
2-1: Ground out 6-3 (Groundball, 56)
Batting: LHB Al Gaines 0-0: Called Strike
0-1: Ball
1-1: Ball
2-1: Foul Ball, location: 2F
2-2: DOUBLE (Flyball, 8LD)
Batting: LHB Tony Abete 0-0: Ball
1-0: Ball
2-0: Called Strike
2-1: Fly out, F8 (Flyball, 8LS)
Batting: RHB Valentín Borges 0-0: Ball
1-0: Fly out, F9 (Flyball, 9LS)
Bottom of the 1st over - 0 run(s), 1 hit(s), 0 error(s), 1 left on base; Baffin Island 0 - El Dorado 0
TOP OF THE 2ND
Baffin Island Beavers batting - Pitching for El Dorado Oilers : RHP Barton Johnson
Batting: LHB Lorenzo Villa 0-0: Called Strike
0-1: Swinging Strike
0-2: Ball
1-2: Strikes out swinging
Batting: SHB Alonso Ferreira 0-0: Called Strike
0-1: Hit by Pitch
Batting: RHB José Aguilera 0-0: Called Strike
0-1: Called Strike
0-2: Strikes out swinging
Batting: LHB Mike MacFadden 0-0: Ball
1-0: Ball
2-0: Called Strike
2-1: Called Strike
2-2: Fielders Choice at 2nd, 4-6 (Groundball, 4)
Top of the 2nd over - 0 run(s), 0 hit(s), 0 error(s), 0 left on base; Baffin Island 0 - El Dorado 0
BOTTOM OF THE 2ND
El Dorado Oilers batting - Pitching for Baffin Island Beavers : RHP Jesse Little
Batting: LHB José Hernández 0-0: Swinging Strike
0-1: Fly out, F8 (Flyball, 8RD)
Batting: RHB Sixto Vélez 0-0: Ball
1-0: Ball
2-0: Called Strike
2-1: Called Strike
2-2: Strikes out swinging
Batting: RHB José Carlos Caraballo 0-0: Ball
1-0: Ground out 5-3 (Groundball, 5)
Bottom of the 2nd over - 0 run(s), 0 hit(s), 0 error(s), 0 left on base; Baffin Island 0 - El Dorado 0
TOP OF THE 3RD
Baffin Island Beavers batting - Pitching for El Dorado Oilers : RHP Barton Johnson
Batting: RHB Alden Isenhood 0-0: Called Strike
0-1: Fly out, F8 (Flyball, 8RS)
Batting: RHB Tony Morton 0-0: Fly out, F4 (Popup, 4)
Batting: LHB Norberto Muńóz 0-0: Ball
1-0: Ball
2-0: Swinging Strike
2-1: Swinging Strike
2-2: Ball
3-2: Foul Ball, location: 2F
3-2: Foul Ball, location: 2F
3-2: Fly out, F7 (Flyball, 78D)
Top of the 3rd over - 0 run(s), 0 hit(s), 0 error(s), 0 left on base; Baffin Island 0 - El Dorado 0
BOTTOM OF THE 3RD
El Dorado Oilers batting - Pitching for Baffin Island Beavers : RHP Jesse Little
Batting: LHB José Rivera 0-0: Ball
1-0: Foul Ball, location: 2F
1-1: Swinging Strike
1-2: Foul Ball, location: 2F
1-2: Foul Ball, location: 2F
1-2: Strikes out swinging
Batting: LHB José Martínez 0-0: Ball
1-0: Called Strike
1-1: Swinging Strike
1-2: Strikes out swinging
Batting: RHB Nick Webb 0-0: Ball
1-0: Foul Ball, location: 2F
1-1: Foul Ball, location: 2F
1-2: Fly out, F6 (Popup, 6D)
Bottom of the 3rd over - 0 run(s), 0 hit(s), 0 error(s), 0 left on base; Baffin Island 0 - El Dorado 0
TOP OF THE 4TH
Baffin Island Beavers batting - Pitching for El Dorado Oilers : RHP Barton Johnson
Batting: LHB Chris Bates 0-0: Called Strike
0-1: Ball
1-1: SINGLE (Groundball, 34D)
Batting: RHB Dave Craig 0-0: Ball
1-0: Called Strike
1-1: Foul Ball, location: 2F
1-2: Ball
2-2: Foul Ball, location: 2F
2-2: Fly out, F8 (Flyball, 8LXD)
Batting: LHB Lorenzo Villa 0-0: Called Strike
0-1: Ball
1-1: Swinging Strike
1-2: Ball
Chris Bates steals 2nd base
2-2: Ground out U3 (Groundball, 3)
Chris Bates to third
Batting: SHB Alonso Ferreira 0-0: Ball
1-0: Ball
2-0: Called Strike
2-1: Ball
3-1: Foul Ball, location: 2F
3-2: Fly out, F9 (Flyball, 9S)
Top of the 4th over - 0 run(s), 1 hit(s), 0 error(s), 1 left on base; Baffin Island 0 - El Dorado 0
BOTTOM OF THE 4TH
El Dorado Oilers batting - Pitching for Baffin Island Beavers : RHP Jesse Little
Batting: LHB Al Gaines 0-0: Ground out 4-3 (Groundball, 4)
Batting: LHB Tony Abete 0-0: Called Strike
0-1: Foul Ball, location: 2F
0-2: Ball
1-2: Ball
2-2: Foul Ball, location: 2F
2-2: Foul Ball, location: 2F
2-2: Ball
3-2: Strikes out looking
Batting: RHB Valentín Borges 0-0: Ball
1-0: Ball
2-0: Fly out, F9 (Flyball, 9)
Bottom of the 4th over - 0 run(s), 0 hit(s), 0 error(s), 0 left on base; Baffin Island 0 - El Dorado 0
TOP OF THE 5TH
Baffin Island Beavers batting - Pitching for El Dorado Oilers : RHP Barton Johnson
Batting: RHB José Aguilera 0-0: Ball
1-0: Foul Ball, location: 2F
1-1: Called Strike
1-2: Ball
2-2: Foul Ball, location: 2F
2-2: Foul Ball, location: 2F
2-2: Strikes out swinging
Batting: LHB Mike MacFadden 0-0: Swinging Strike
0-1: Fly out, F7 (Flyball, 7D)
Batting: RHB Alden Isenhood 0-0: Called Strike
0-1: Ball
1-1: Foul Ball, location: 2F
1-2: SINGLE (Groundball, 56D)
Batting: RHB Tony Morton 0-0: Ball
1-0: Fly out, F9 (Flyball, 89D)
Top of the 5th over - 0 run(s), 1 hit(s), 0 error(s), 1 left on base; Baffin Island 0 - El Dorado 0
BOTTOM OF THE 5TH
El Dorado Oilers batting - Pitching for Baffin Island Beavers : RHP Jesse Little
Batting: LHB José Hernández 0-0: Ball
1-0: Called Strike
1-1: Ground out 4-3 (Groundball, 4MS)
Batting: RHB Sixto Vélez 0-0: Ball
1-0: Ball
2-0: DOUBLE (Line Drive, 89D)
Batting: RHB José Carlos Caraballo 0-0: Fly out, F2 (Popup, 13S)
Batting: LHB José Rivera 0-0: Swinging Strike
0-1: Ball
1-1: Foul Ball, location: 2F
1-2: Foul Ball, location: 2F
1-2: TRIPLE (Flyball, 9LM)
Sixto Vélez scores
Batting: LHB José Martínez 0-0: Called Strike
0-1: Ball
1-1: Swinging Strike
1-2: Ball
2-2: Foul Ball, location: 2F
2-2: Strikes out swinging
Bottom of the 5th over - 1 run(s), 2 hit(s), 0 error(s), 1 left on base; Baffin Island 0 - El Dorado 1
TOP OF THE 6TH
Baffin Island Beavers batting - Pitching for El Dorado Oilers : RHP Barton Johnson
Batting: LHB Norberto Muńóz 0-0: Swinging Strike
0-1: Swinging Strike
0-2: Strikes out swinging
Batting: LHB Chris Bates 0-0: Ball
1-0: Ground out 4-3 (Groundball, 4)
Batting: RHB Dave Craig 0-0: Called Strike
0-1: Ball
1-1: Ball
2-1: Called Strike
2-2: Ball
3-2: SINGLE (Groundball, 34D)
Batting: LHB Lorenzo Villa 0-0: Called Strike
0-1: Ground out U3 (Groundball, 34S)
Top of the 6th over - 0 run(s), 1 hit(s), 0 error(s), 1 left on base; Baffin Island 0 - El Dorado 1
BOTTOM OF THE 6TH
El Dorado Oilers batting - Pitching for Baffin Island Beavers : RHP Jesse Little
Batting: RHB Nick Webb 0-0: Foul Ball, location: 2F
0-1: Ball
1-1: Called Strike
1-2: Strikes out swinging
Batting: LHB Al Gaines 0-0: Called Strike
0-1: Swinging Strike
0-2: Ball
1-2: Ball
2-2: Ball
3-2: Foul Ball, location: 2F
3-2: Ground out 4-3 (Groundball, 34)
Batting: LHB Tony Abete 0-0: Called Strike
0-1: Ball
1-1: Swinging Strike
1-2: Foul Ball, location: 2F
1-2: Strikes out swinging
Bottom of the 6th over - 0 run(s), 0 hit(s), 0 error(s), 0 left on base; Baffin Island 0 - El Dorado 1
TOP OF THE 7TH
Baffin Island Beavers batting - Pitching for El Dorado Oilers : RHP Barton Johnson
Batting: SHB Alonso Ferreira 0-0: Ball
1-0: Foul Ball, location: 2F
1-1: Ground out 6-3 (Groundball, 6)
Batting: RHB José Aguilera 0-0: Swinging Strike
0-1: Fly out, F9 (Line Drive, 89S)
Batting: LHB Mike MacFadden 0-0: Ball
1-0: Called Strike
1-1: Fly out, F7 (Line Drive, 78D)
Top of the 7th over - 0 run(s), 0 hit(s), 0 error(s), 0 left on base; Baffin Island 0 - El Dorado 1
BOTTOM OF THE 7TH
El Dorado Oilers batting - Pitching for Baffin Island Beavers : RHP Jesse Little
Batting: RHB Valentín Borges 0-0: Foul Ball, location: 2F
0-1: Called Strike
0-2: Ball
1-2: Ball
2-2: Strikes out swinging
Batting: LHB José Hernández 0-0: Called Strike
0-1: Ball
1-1: Called Strike
1-2: Ball
2-2: Fly out, F9 (Flyball, 89S)
Batting: RHB Sixto Vélez 0-0: SINGLE (Line Drive, 6MD)
Pinch Hitting: LHB Ashley Pickhills 0-0: Called Strike
0-1: Ball
1-1: Ball
2-1: SINGLE (Groundball, 6D)
Sixto Vélez to second
Batting: LHB José Rivera 0-0: Ball
1-0: Foul Ball, location: 2F
1-1: Fly out, F4 (Line Drive, 4)
Bottom of the 7th over - 0 run(s), 2 hit(s), 0 error(s), 2 left on base; Baffin Island 0 - El Dorado 1
TOP OF THE 8TH
Baffin Island Beavers batting - Pitching for El Dorado Oilers : RHP Barton Johnson
Now in CF: Pete Smith
Batting: RHB Alden Isenhood 0-0: Ball
1-0: Ground out 4-3 (Groundball, 4M)
Batting: RHB Tony Morton 0-0: Ball
1-0: Ground out U3 (Groundball, 34)
Batting: LHB Norberto Muńóz 0-0: Swinging Strike
0-1: Ball
1-1: SINGLE (Groundball, 34S) (infield hit)
Batting: LHB Chris Bates 0-0: Called Strike
0-1: Foul Ball, location: 2F
0-2: Ball
1-2: Ball
2-2: Foul Ball, location: 2F
2-2: Foul Ball, location: 2F
2-2: Ball
3-2: Ground out 4-3 (Groundball, 4)
Top of the 8th over - 0 run(s), 1 hit(s), 0 error(s), 1 left on base; Baffin Island 0 - El Dorado 1
BOTTOM OF THE 8TH
El Dorado Oilers batting - Pitching for Baffin Island Beavers : RHP Jesse Little
Batting: LHB José Martínez 0-0: Ground out 4-3 (Groundball, 4)
Batting: RHB Nick Webb 0-0: Foul Ball, location: 2F
0-1: Ball
1-1: Ground out 6-3 (Groundball, 6)
Batting: LHB Al Gaines 0-0: Fly out, F9 (Line Drive, 9)
Bottom of the 8th over - 0 run(s), 0 hit(s), 0 error(s), 0 left on base; Baffin Island 0 - El Dorado 1
TOP OF THE 9TH
Baffin Island Beavers batting - Pitching for El Dorado Oilers : RHP Barton Johnson
Pitching: RHP Kuang-yin Yue
Batting: RHB Dave Craig 0-0: Hit by Pitch
Batting: LHB Lorenzo Villa 0-0: Ball
1-0: SINGLE (Line Drive, 34)
Dave Craig to second
Runner from 2nd tries for 3rd, SAFE, throw made to third
Batting: SHB Alonso Ferreira 0-0: Ball
1-0: Ground out 4-3 (Groundball, 34)
Lorenzo Villa to second
Batting: RHB José Aguilera 0-0: Called Strike
0-1: Ground out 4-3 (Groundball, 4)
Batting: LHB Mike MacFadden 0-0: Ball
1-0: Ground out 4-3 (Groundball, 4)
Top of the 9th over - 0 run(s), 1 hit(s), 0 error(s), 2 left on base; Baffin Island 0 - El Dorado 1
Tuesday, August 8th, 2017 - OOTP Baseball 17.12 Build 75